 Dungeon Crawl Stone Soup version 0.30-a0-341-g682706514a (webtiles) character file.

Game seed: 16030816637473282365

13167 Bnni the Bludgeoner (level 12, -14/103 HPs)
             Began as a Formicid Fighter on Nov 1, 2022.
             Demolished by an orc warrior
             ... wielding a +0 trident
              (19 damage)
             ... in a bailey.
             The game lasted 00:19:26 (11733 turns).

Bnni the Bludgeoner (Formicid Fighter)             Turns: 11733, Time: 00:19:29

Health: -14/103    AC: 17    Str: 24    XL:     12   Next: 29%
Magic:  12/12      EV:  7    Int: 10    God:
Gold:   442        SH:  5    Dex: 13    Spells: 11/11 levels left

rFire   . . .      SeeInvis +    c - +1 dire flail (venom)
rCold   . . .      Faith    .    A - +0 buckler
rNeg    . . .      Spirit   .    D - +3 chain mail of the Clam {rPois rCorr}
rPois   +          Reflect  .    (helmet unavailable)
rElec   .          Harm     .    H - +2 cloak
rCorr   +          Rampage  .    I - +0 pair of gloves
Will    +....                    M - +0 pair of boots
Stlth   ..........               (no amulet)
HPRegen 0.37/turn                (no ring)
MPRegen 0.13/turn                (no ring)

@: no status effects
A: permanent stasis, dig shafts and tunnels, antennae 3, four strong arms
a: Dig


You were in a bailey.
You visited 2 branches of the dungeon, and saw 11 of its levels.
You also visited: Bailey.

You collected 470 gold pieces.
You spent 28 gold pieces at shops.

Inventory:

Hand Weapons
 c - a +1 dire flail of venom (weapon)
 O - a +2 battleaxe of flaming
Missiles
 h - 16 poisoned darts
 r - 2 javelins (quivered)
 E - a curare-tipped dart
Armour
 A - a +0 buckler (worn)
 D - the +3 chain mail of the Clam (worn) {rPois rCorr}
   (You found it on level 6 of the Dungeon)

   rPois:     It protects you from poison.
   rCorr:     It protects you from acid and corrosion.
 H - a +2 cloak (worn)
 I - a +0 pair of gloves (worn)
 M - a +0 pair of boots (worn)
Wands
 d - a wand of iceblast (31)
 n - a wand of flame (36)
 L - a wand of acid (7)
Scrolls
 a - 4 scrolls of magic mapping {unknown}
 e - 2 scrolls of blinking {unknown}
 f - 2 scrolls of immolation
 j - 2 scrolls of summoning {unknown}
 k - a scroll of acquirement {unknown}
 l - a scroll of silence {unknown}
 m - 6 scrolls of teleportation {unknown}
 q - 2 scrolls of enchant weapon {unknown}
 v - 5 scrolls of butterflies {unknown}
 y - 2 scrolls of fear {unknown}
 C - 2 scrolls of amnesia {unknown}
 F - a scroll of poison {unknown}
 G - a scroll of enchant armour {unknown}
 K - a scroll of brand weapon {unknown}
Potions
 b - 3 potions of attraction {unknown}
 g - 3 potions of curing
 i - a potion of flight
 o - 2 potions of cancellation
 p - 4 potions of mutation
 s - a potion of resistance {unknown}
 t - a potion of ambrosia
 w - 4 potions of heal wounds {unknown}
 x - 2 potions of brilliance {unknown}
 z - 2 potions of lignification {unknown}
 B - 2 potions of might


   Skills:
 + Level 12.3 Fighting
 * Level 15.3 Maces & Flails
 - Level 3.2 Armour
 - Level 5.0 Shields


You had 11 spell levels left.
You didn't know any spells.
Your spell library contained the following spells:

 Spells                   Type           Power      Damage    Failure   Level
 Necrotise                Necr           0%         1d4       98%         1
 Static Discharge         Conj/Air       0%         2-2/arc   99%         2
 Dazzling Flash           Conj/Hex       0%         N/A       100%        3
 Vampiric Draining        Necr           0%         2d6       100%        3
 Vhi's Electric Charge    Tloc/Air       0%         N/A       100%        3
 Iskenderun's Mystic Bla  Conj/Tloc      0%         2d3       100%        4
 Olgreb's Toxic Radiance  Pois           0%         N/A       100%        4
 Agony                    Necr           0%         N/A       100%        5
 Arcjolt                  Conj/Air       0%         1d10      100%        5
 Lightning Bolt           Conj/Air       0%         1d11      100%        5
 Starburst                Conj/Fire      0%         6d3       100%        6
 Ozocubu's Refrigeration  Ice            0%         4d7       100%        7
 Ignition                 Fire           0%         3d3       100%        8


Dungeon Overview and Level Annotations

Branches:
Dungeon (10/15)            Temple (1/1) D:6          Bailey (1/1)
   Lair: D:8-11         Orc: D:9-12

Altars:
Ashenzari
Cheibriados
Dithmenos
Elyvilon
Fedhas
Gozag
Hepliaklqana
Kikubaaqudgha
Makhleb
Nemelex Xobeh
Qazlal
Ru
Sif Muna
Trog
Uskayaw
Vehumet
Wu Jian
Xom
Yredelemnul
Zin
The Shining One

Shops:
D:1 ?   D:10 [


Innate Abilities, Weirdness & Mutations

You cannot be hasted, slowed, berserked, paralysed or teleported.
You can dig through walls and to a lower floor.
You have a pair of large antennae on your head. (SInv)
Your four strong arms can wield two-handed weapons with a shield.


Message History

You bump into the granite statue.
The orc warrior hits you with a +0 trident.
The orc warrior hits you with a +0 trident!
The orc warrior hits you from afar with a +0 halberd!
The orc hits you from afar with a +0 spear!
* * * LOW HITPOINT WARNING * * *
You closely miss the orc warrior.
The orc warrior hits you with a +0 trident.
* * * LOW HITPOINT WARNING * * *
An orc warrior comes into view. It is wielding a +0 halberd.
The orc warrior hits you but does no damage.
The orc warrior hits you from afar with a +0 halberd.
* * * LOW HITPOINT WARNING * * *
The orc hits you from afar with a +0 spear.
* * * LOW HITPOINT WARNING * * *
You are too confused!
You bump into the stone wall.
The orc warrior hits you with a +0 trident.
* * * LOW HITPOINT WARNING * * *
The orc warrior barely misses you.
The orc warrior hits you from afar with a +0 halberd!
* * * LOW HITPOINT WARNING * * *
The orc hits you from afar with a +0 spear.
* * * LOW HITPOINT WARNING * * *
You feel better.
You feel less invigorated.
The orc warrior hits you with a +0 trident.
* * * LOW HITPOINT WARNING * * *
The orc warrior hits you with a +0 trident.
* * * LOW HITPOINT WARNING * * *
You block the orc warrior's attack. The orc hits you but does no damage.
Okay, then.
Okay, then.
As you read the scroll labelled ZEBBIVVUYGI, it crumbles to dust.
The creatures around you are filled with an inner flame!
It was a scroll of immolation.
Flame seeps out of the orc warrior.
The orc warrior hits you but does no damage.
The orc warrior is engulfed in blazing flames.
Flame seeps out of the orc warrior.
The orc warrior hits you with a +0 trident!!
You die...

####.$#..≈≈≈≈≈..####
.....#...≈≈≈≈.....#
...##...≈≈≈≈..♣♣..
#..#....≈≈≈≈..♣...
#8.#...######.....
#..#..............
#o.'.............. {
#..'..............
#@o#....))........
#8o#...######.....
#oo#....≈≈≈≈......
{.oo##.♣.≈≈≈≈..♣...
.......#...≈≈≈≈.....#
######.$#..♣≈≈≈≈..♣.##
####..♣≈≈≈≈≈...#
#....♣♣≈≈≈≈≈.♣#
##..♣♣♣≈≈≈≈≈♣♣


You could see an orc knight (inner flame), 5 orc warriors and an orc (inner
flame, strong).

Vanquished Creatures
  Erolcha (D:9)
  A cyclops (D:8)
  An unseen horror (D:10)
  2 trolls (D:10)
  Grinder (D:5)
  Sigmund (D:9)
  34 yaks
  A wraith (D:8)
  A wyvern (D:8)
  7 humans (D:9)
  2 steam dragons
  An acid dragon (D:8)
  Edmund (D:5)
  2 water moccasins
  2 ice beasts
  2 ogres (D:5)
  2 sky beasts (D:7)
  2 black bears (D:4)
  4 orc warriors
  A centaur (D:9)
  A phantom (D:6)
  4 kobold brigands
  2 bullfrogs (D:7)
  3 necrophages
  A scorpion (D:5)
  8 wights (D:9)
  19 killer bees
  2 howler monkeys
  7 hounds
  A gnoll bouda (D:5)
  2 orc priests
  Crazy Yiuf (D:2)
  Jessica (D:2)
  An iguana (D:5)
  6 orc wizards
  6 gnolls
  4 adders
  2 white imps
  An ufetubus (D:5)
  3 dart slugs
  26 orcs
  6 ball pythons
  7 bats
  8 endoplasms
  8 giant cockroaches
  6 goblins
  9 hobgoblins
  6 jackals
  6 quokkas
  2 frilled lizards
  28 kobolds
256 creatures vanquished.

Vanquished Creatures (others)
  Erica (D:8)
  A plant (D:1)
2 creatures vanquished.

Grand Total: 258 creatures vanquished

Notes
Turn   | Place    | Note
-------+----------+-------------------------------------------
     0 | D:1      | Bnni the Formicid Fighter began the quest for the Orb.
     0 | D:1      | Reached XP level 1. HP: 18/18 MP: 1/1
    88 | D:1      | Reached XP level 2. HP: 20/24 MP: 2/2
   525 | D:1      | Found Sacs's Magic Scroll Boutique.
   717 | D:2      | Reached XP level 3. HP: 18/29 MP: 3/3
   879 | D:2      | Reached skill level 3 in Maces & Flails
  1086 | D:2      | Reached XP level 4. HP: 37/37 MP: 4/4
  1153 | D:2      | Noticed Jessica
  1159 | D:2      | Killed Jessica
  1272 | D:2      | Identified the +1 dagger of Incongruity {venom, rN+ MP+9
                  | Int+4 Dex+4}
  1412 | D:2      | Found a runed translucent door.
  1413 | D:2      | Noticed Crazy Yiuf
  1427 | D:2      | Killed Crazy Yiuf
  1428 | D:2      | Reached skill level 5 in Shields
  1428 | D:2      | Reached XP level 5. HP: 16/42 MP: 5/5
  1831 | D:3      | Reached skill level 4 in Maces & Flails
  2489 | D:1      | Bought a scroll of identify for 28 gold pieces
  2818 | D:4      | Reached XP level 6. HP: 46/49 MP: 6/6
  2853 | D:4      | Noticed a black bear
  2871 | D:4      | Killed a black bear
  2872 | D:4      | Reached skill level 5 in Maces & Flails
  3242 | D:4      | Noticed a black bear
  3257 | D:4      | Killed a black bear
  3258 | D:4      | Reached skill level 5 in Fighting
  3258 | D:4      | Reached XP level 7. HP: 42/56 MP: 7/7
  3333 | D:4      | Found a stormy altar of Qazlal.
  3336 | D:4      | Noticed an air elemental
  3340 | D:4      | Noticed a fire elemental
  3340 | D:4      | Noticed a water elemental
  3653 | D:5      | Entered Level 5 of the Dungeon
  3690 | D:5      | Noticed Grinder
  3732 | D:5      | Killed Grinder
  3733 | D:5      | Reached skill level 6 in Maces & Flails
  3918 | D:5      | Reached XP level 8. HP: 58/64 MP: 8/8
  4184 | D:5      | Reached skill level 7 in Maces & Flails
  4764 | D:5      | Noticed Edmund
  4778 | D:5      | Killed Edmund
  4779 | D:5      | Reached skill level 8 in Maces & Flails
  5226 | D:6      | Found a glowing golden altar of the Shining One.
  5328 | D:6      | Reached XP level 9. HP: 33/72 MP: 9/9
  5477 | D:6      | Identified the +3 chain mail of the Clam {rPois rCorr}
  5987 | D:6      | Found a staircase to the Ecumenical Temple.
  5996 | Temple   | Entered the Ecumenical Temple
  6488 | D:7      | Reached skill level 9 in Maces & Flails
  7003 | D:7      | Reached skill level 10 in Maces & Flails
  7403 | D:8      | Noticed a cyclops
  7412 | D:8      | Killed a cyclops
  7559 | D:8      | Found a hide-covered altar of Uskayaw.
  7629 | D:8      | Reached XP level 10. HP: 80/82 MP: 10/10
  7660 | D:8      | Noticed Erica
  7696 | D:8      | HP: 1/78 [Erica/iceblast (14)]
  7696 | D:8      | Killed Erica
  7697 | D:8      | Reached skill level 11 in Maces & Flails
  7722 | D:8      | HP: 2/83 [wraith (5)]
  8185 | D:8      | Found a hazy altar of Hepliaklqana.
  8251 | D:8      | Found a burning altar of Makhleb.
  8676 | D:9      | Found a shimmering blue altar of Sif Muna.
  8693 | D:9      | Reached skill level 12 in Maces & Flails
  8929 | D:8      | Reached skill level 10 in Fighting
  9316 | D:9      | Noticed Erolcha
  9331 | D:9      | Killed Erolcha
  9332 | D:9      | Reached XP level 11. HP: 31/92 MP: 11/11
  9599 | D:9      | Reached skill level 13 in Maces & Flails
  9962 | D:9      | Found a white marble altar of Elyvilon.
 10249 | D:9      | Reached skill level 14 in Maces & Flails
 10458 | D:9      | Noticed Sigmund
 10519 | D:9      | Killed Sigmund
 10539 | D:9      | Reached XP level 12. HP: 53/102 MP: 12/12
 10958 | D:10     | Entered Level 10 of the Dungeon
 11132 | D:10     | Reached skill level 15 in Maces & Flails
 11133 | D:10     | Found Pohiac's Antique Armour Shop.
 11571 | D:10     | Found a flagged portal.
 11628 | Bailey   | Entered a bailey
 11731 | Bailey   | HP: 4/103 [orc/+0 spear (4)]
 11733 | Bailey   | Demolished by an orc warrior

Illustrated notes

Levels and vault maps discovered:
D:1:      beargit_arrival_greenhouse, layout_basic, serial_shops, shop,
          serial_bayou_lagoon_b
D:2:      layout_loops_ring, kennysheep_jessica_study, uniq_crazy_yiuf_cottage
D:3:      layout_loops_ring, nrook_uturn, minmay_starry_boxes
D:4:      layout_basic, nicolae_qazlal_style_of_elements
D:5:      layout_loops_ring, uniq_edmund, uniq_grinder
D:6:      layout_basic, tso_metal_star, minmay_temple_entry_junction
D:7:      layout_basic
D:8:      layout_cave_pools, mainiacjoe_overflow_brackets,
          eat_drink_and_be_merry_uskayaw, mainiacjoe_overflow_chevrons,
          uniq_erica
D:9:      erik_cavepeople, layout_gridville, nicolae_sif_muna_condensation,
          mainiacjoe_overflow_alcove_2, uniq_erolcha
D:10:     layout_gridville, okawaru_gym_becter, serial_shops, shop,
          enter_bailey_4, enter_trove_1, kennysheep_generic_room_7
Temple:   minmay_temple_curvy_branch
Bailey:   bailey_polearm_elven_captive_hellmonk, bailey

Skill      XL: |  1  2  3  4  5  6  7  8  9 10 11 12 |
---------------+-------------------------------------+-----
Maces & Flails | 3 4 5 6 8 10 12 14 15 | 15.3
Fighting       | 4 5 7 8 10 11 12 | 12.3
Shields        | 5 |  5.0
Armour         | |  3.2

Action                   |  1- 3 |  4- 6 |  7- 9 | 10-12 || total
-------------------------+-------+-------+-------+-------++-------
Melee: Flail             |    84 |    18 |       |       ||   102
       Dagger            |       |   132 |   103 |       ||   235
       Morningstar       |       |       |    50 |       ||    50
       Dire flail        |       |       |   123 |   460 ||   583
Throw: Dart              |       |     3 |     4 |     3 ||    10
       Javelin           |       |     2 |     2 |     1 ||     5
       Throwing net      |       |       |     1 |       ||     1
 Abil: Dig               |       |     1 |       |     2 ||     3
  Use: Scroll            |       |     3 |     2 |     2 ||     7
       Potion            |       |       |     2 |     6 ||     8
Armor: Scale mail        |    44 |    38 |    50 |       ||   132
       Chain mail        |       |    48 |    65 |   262 ||   375
Dodge: Dodged            |    31 |    64 |    73 |   163 ||   331
Block: Buckler           |    23 |    47 |    46 |    92 ||   208

Table legend: (Time is in decaauts)
 A = Elapsed time spent in this place.
 B = Non-inter-level travel time spent in this place.
 C = Inter-level travel time spent in this place.
 D = Time resting spent in this place.
 E = Time spent auto-exploring this place.
 F = Levels seen in this place.
 G = Mean time per level.
                   A        B        C        D        E       F      G
               +--------+--------+--------+--------+--------+-----+--------+
         Total |  11652 |  11226 |    426 |   1055 |   8295 |  12 |  971.0 |
       Dungeon |  11303 |  10881 |    422 |   1055 |   8042 |  10 | 1130.3 |
        Temple |    251 |    247 |      4 |      0 |    245 |   1 |  251.0 |
        Bailey |     97 |     97 |      0 |      0 |      8 |   1 |   97.0 |
               +--------+--------+--------+--------+--------+-----+--------+

Top non-repeatable levels by time:
     D:9: 1905 daAuts
     D:8: 1673 daAuts
     D:5: 1489 daAuts
     D:6: 1091 daAuts
     D:2: 1065 daAuts
     D:4: 1038 daAuts
     D:7: 916 daAuts
     D:3: 831 daAuts
     D:1: 783 daAuts
    D:10: 508 daAuts
  Temple: 251 daAuts
  Bailey: 97 daAuts
